 Dungeon Crawl Stone Soup version 0.30-a0-857-gcaf70739d4 (webtiles) character file.

Game seed: 14172518267754338929

99002 cforsyth the Spry (level 15, -1/98 HPs)
             Began as a Deep Elf Earth Elementalist on Mar 6, 2023.
             Was a High Priest of Vehumet.
             Slain by a culicivora (22 damage)
             ... on level 1 of the Spider Nest.
             The game lasted 01:37:06 (39481 turns).

cforsyth the Spry (Deep Elf Earth Elementalist)    Turns: 39481, Time: 01:37:06

Health: -1/98      AC:  8    Str:  5    XL:     15   Next: 76%
Magic:  6/44       EV: 19    Int: 28    God:    Vehumet [*****.]
Gold:   1086       SH:  0    Dex: 11    Spells: 13/42 levels left

rFire   . . .      SeeInvis .    S - +6 quarterstaff "Xayrisk" {speed, +Blink rElec Will+ Dex-4}
rCold   . . .      Faith    .    (shield currently unavailable)
rNeg    . . .      Spirit   .    E - +2 robe {Will+}
rPois   .          Reflect  .    o - +1 hat
rElec   +          Rampage  .    R - +2 cloak
rCorr   .                        (no gloves)
Will    ++++.                    (no boots)
Stlth   ++                       J - amulet of magic regeneration
HPRegen 0.36/turn                H - ring of magical power
MPRegen 0.69/turn                a - ring of willpower

@: very slightly contaminated, hasted, very quick
A: no striking features
a: Renounce Religion, Evoke Blink


You were on level 1 of the Spider Nest.
You worshipped Vehumet.
Vehumet was extremely pleased with you.
You visited 5 branches of the dungeon, and saw 24 of its levels.

You collected 2481 gold pieces.
You spent 1395 gold pieces at shops.

Inventory:

Hand Weapons
 L - a +6 scimitar of freezing
 S - the +6 quarterstaff "Xayrisk" (weapon) {speed, +Blink rElec Will+ Dex-4}
   (You bought it in a shop on level 2 of the Orcish Mines)

   Dex:       It affects your dexterity (-4).
   rElec:     It insulates you from electricity.
   +Blink:    It lets you blink.
   Will:      It increases your willpower.
Missiles
 K - 3 throwing nets
Armour
 f - +0 swamp dragon scales
 o - a +1 hat (worn)
 E - a +2 robe of willpower (worn)
 R - a +2 cloak (worn)
Jewellery
 a - a ring of willpower (right hand)
 r - an amulet of reflection
 H - a ring of magical power (left hand)
 J - an amulet of magic regeneration (around neck)
 M - a ring of positive energy
 T - a +6 ring of dexterity
 U - a ring of protection from cold
Wands
 v - a wand of mindburst (18)
 z - a wand of flame (70)
 A - a wand of acid (14)
 D - a wand of iceblast (23)
 N - a wand of digging (13)
Scrolls
 d - 2 scrolls of torment
 h - 3 scrolls of enchant armour
 i - 8 scrolls of teleportation
 m - 5 scrolls of fog
 q - 3 scrolls of vulnerability
 s - 2 scrolls of fear
 t - 4 scrolls of blinking
 y - 4 scrolls of poison
 F - 5 scrolls of magic mapping
 G - 3 scrolls of immolation
 I - 10 scrolls of identify
Potions
 b - 4 potions of magic
 c - 4 potions of curing
 e - 2 potions of ambrosia
 g - 7 potions of resistance
 j - 8 potions of might
 l - 2 potions of cancellation
 n - 2 potions of berserk rage
 p - 2 potions of invisibility
 u - 3 potions of haste
 w - a potion of lignification
 x - 2 potions of flight
 B - 4 potions of brilliance
 C - 3 potions of attraction
 P - a potion of mutation


   Skills:
 - Level 13.0 Fighting
 - Level 18.1 Dodging
 - Level 2.4 Stealth
 - Level 14.0 Spellcasting
 - Level 9.1 Conjurations
 - Level 1.1 Transmutations
 + Level 15.4 Earth Magic


You had 13 spell levels left.
You knew the following spells:

 Your Spells              Type           Power      Damage    Failure   Level
a - Sandblast             Erth           100%       2d20      0%          1
b - Stone Arrow           Conj/Erth      100%       3d13      1%          3
c - Petrify               Tmut/Erth      60%        N/A       1%          4
d - Sticky Flame          Conj/Fire      45%        2d6       1%          4
e - Scorch                Fire           38%        2d7       1%          2
f - Iskenderun's Battles  Conj           63%        2d11      1%          5
g - Lee's Rapid Deconstr  Erth           41%        3d20*     1%          5
h - Borgnjor's Vile Clut  Necr/Erth      29%        N/A       3%          5

Your spell library contained the following spells:

 Spells                   Type           Power      Damage    Failure   Level
 Eringya's Noxious Bog    Tmut/Pois      11%        N/A       58%         6
 Momentum Strike          Conj/Tloc      90%        3d10      1%          2
 Passwall                 Tmut/Erth      50%        N/A       1%          2
 Flame Wave               Conj/Fire      45%        2d12      1%          4
 Blink                    Tloc           38%        N/A       4%          2
 Lesser Beckoning         Tloc           38%        N/A       4%          2
 Gell's Gravitas          Tloc           19%        N/A       8%          3
 Ozocubu's Armour         Ice            19%        N/A       8%          3
 Teleport Other           Tloc           19%        N/A       8%          3
 Conjure Ball Lightning   Conj/Air       22%        3x3d6     17%         6
 Animate Dead             Necr           19%        N/A       26%         4
 Metabolic Englaciation   Hex/Ice        9%         N/A       58%         5
 Shatter                  Erth           41%        3d32*     71%         9
 Death Channel            Necr           9%         N/A       99%         6
 Simulacrum               Ice/Necr       9%         N/A       99%         6
 Summon Cactus Giant      Summ           9%         N/A       99%         6
 Ozocubu's Refrigeration  Ice            9%         4d9       99%         7
 Discord                  Hex            9%         N/A       100%        8
 Disjunction              Tloc           9%         N/A       100%        8
 Chain Lightning          Conj/Air       22%        3d30      100%        9
 Fire Storm               Conj/Fire      22%        8d6       100%        9


Dungeon Overview and Level Annotations

Branches:
Dungeon (15/15)            Temple (1/1) D:7            Lair (5/5) D:9
 Shoals (0/4) Lair:2       Spider (1/4) Lair:2        Slime (0/5) Lair:5
    Orc (2/2) D:9             Elf (0/3) Orc:2        Vaults (0/5) D:14
 Depths (0/4) D:15

Altars:
Ashenzari
Cheibriados
Dithmenos
Elyvilon
Gozag
Hepliaklqana
Kikubaaqudgha
Makhleb
Nemelex Xobeh
Okawaru
Qazlal
Ru
Sif Muna
Trog
Uskayaw
Vehumet
Yredelemnul
Zin
Jiyva

Shops:
D:3 ?   D:8 !   Orc:1 *   Orc:2 !*:[[?

Annotations:
D:5 1 runed translucent door, Crazy Yiuf
Lair:4 3 runed translucent doors, Bacu's ghost, journeyman DjCj; ShnitzelX3's ghost, journeyman HOCj; Ukim's ghost, journeyman MfGl; drewk1942's ghost, journeyman OpFi; zenocrate's ghost, journeyman OpTm


Message History

The zombie hands constrict the demonic crawler.
The redback struggles to escape constriction.
The sun moth struggles to escape constriction.
The demonic crawler misses you. x2; The demonic crawler barely misses you.
The zombie hands constrict the sun moth.
The zombie hands constrict the redback.
The zombie hands constrict the demonic crawler.
The redback struggles to escape constriction.
The sun moth escapes!
The demonic crawler struggles to escape constriction.
Casting: Borgnjor's Vile Clutch (dangerous; 3% risk of failure)
Confirm with . or Enter, or press ? or * to list all spells.
You don't have enough magic to cast this spell.
Magic courses through your body.
The zombie hands constrict the redback!
You kill the redback!
Vehumet accepts your kill.
The zombie hands constrict the demonic crawler!
The zombie hands constrict the demonic crawler.
The demonic crawler struggles to escape constriction.
Casting: Borgnjor's Vile Clutch (dangerous; 3% risk of failure)
Confirm with . or Enter, or press ? or * to list all spells.
Aiming: Borgnjor's Vile Clutch (dangerous; 3% risk of failure)
Press: ? - help, Shift-Dir - straight line, f - sun moth
Aim: a sun moth (almost dead, haloed, 100% to hit)
You miscast Borgnjor's Vile Clutch.
You are very lightly contaminated with residual magic.
Nothing appears to happen.
The zombie hands constrict the demonic crawler.
The demonic crawler struggles to escape constriction.
Casting: Borgnjor's Vile Clutch (dangerous; 3% risk of failure)
Confirm with . or Enter, or press ? or * to list all spells.
Aiming: Borgnjor's Vile Clutch (dangerous; 3% risk of failure)
Press: ? - help, Shift-Dir - straight line, f/p - sun moth
Aim: a sun moth (almost dead, haloed, 100% to hit)
Zombie hands grab the culicivora.
Zombie hands grab the sun moth.
The zombie hands constrict the sun moth.
The zombie hands constrict the culicivora.
The zombie hands constrict the demonic crawler.
The culicivora bites you!!
You die...

##..#...........#
#......†.......#
#..........†...# ##
###..............##
.#######.........†........
.........#...†..sy.....#
..."###.##........†....#
...## #####.....s....###
.### ##....@..### ##
###....## ######


You could see a sun moth (clutched), a demonic crawler (clutched) and a
culicivora (clutched).

Vanquished Creatures
  An orc warlord (D:12)
  A broodmother (Spider:1)
  An ettin (D:15)
  Harold (Lair:2)
  A rakshasa (D:12)
  4 vault guards (D:14)
  6 hydras
  A radroach (Spider:1)
  3 centaur warriors
  Erica (D:10)
  2 death knights
  An alligator (Lair:5)
  4 boulder beetles
  A catoblepas (D:14)
  7 two-headed ogres
  5 death yaks
  2 tengu warriors
  5 orc high priests (Orc:2)
  Nergalle (Lair:1)
  A skeletal warrior (D:14)
  2 deep trolls (D:15)
  An orb spider (Lair:2)
  2 wizards
  A phantasmal warrior (D:14)
  A necromancer (D:15)
  A deep elf pyromancer (D:14)
  5 wolf spiders
  4 orc sorcerers
  7 orc knights
  5 cyclopes
  10 ugly things
  11 elephants
  7 manticores
  A guardian serpent (Lair:5)
  7 black mambas
  Joseph (Lair:1)
  A gargoyle (D:14)
  5 efreet
  21 cane toads
  Maggie (D:8)
  7 komodo dragons
  2 rime drakes (Lair:1)
  A torpor snail (Lair:3)
  2 kobold demonologists
  A freezing wraith (D:14)
  10 trolls
  A queen bee (shapeshifter) (D:14)
  A tarantella (Spider:1)
  4 hornets
  5 blink frogs (Lair:4)
  12 slime creatures
  4 shadows
  3 jumping spiders (Spider:1)
  A culicivora (shapeshifter) (D:12)
  3 culicivoras (Spider:1)
  29 yaks
  7 wraiths
  2 vampires (D:12)
  2 water elementals (D:14)
  11 wyverns
  3 basilisks (D:12)
  9 vampire mosquitoes
  A steam dragon (Lair:3)
  13 redbacks
  Edmund (D:5)
  8 wargs
  An acid dragon (D:11)
  32 water moccasins
  Duvessa (D:5)
  43 orc warriors
  5 black bears
  6 wolves
  3 ogres
  5 centaurs
  3 kobold brigands
  2 wyvern zombies (D:7)
  2 scorpions
  2 gnoll sergeants
  10 bullfrogs
  A water moccasin zombie (D:7)
  16 wights
  Dowan (D:5)
  4 killer bees (D:9)
  A howler monkey (D:8)
  3 electric eels (D:14)
  A centaur zombie (D:7)
  6 hounds
  2 bullfrog zombies (D:7)
  34 orc priests
  A sleepcap (D:6)
  17 orc wizards
  A killer bee zombie (D:7)
  3 howler monkey zombies (D:7)
  13 gnolls
  10 adders
  A white imp (D:7)
  2 worms (D:2)
  2 dart slugs (D:4)
  82 orcs
  8 endoplasms
  5 giant cockroaches
  2 goblins
  10 hobgoblins
  4 jackals (D:4)
  19 kobolds
  2 quokkas
  9 ball pythons
  7 bats
  4 frilled lizards
  6 rats
678 creatures vanquished.

Vanquished Creatures (others)
  A water elemental (D:14)
  A slime creature (D:14)
  An orc (Orc:1)
  2 bushes (Lair:5)
  47 fungi
  84 plants
  19 withered plants
155 creatures vanquished.

Grand Total: 833 creatures vanquished

Notes
Turn   | Place    | Note
-------+----------+-------------------------------------------
     0 | D:1      | cforsyth the Deep Elf Earth Elementalist began the quest
                  | for the Orb.
     0 | D:1      | Reached XP level 1. HP: 10/10 MP: 6/6
   239 | D:1      | Reached XP level 2. HP: 15/15 MP: 5/8
  1068 | D:2      | Reached XP level 3. HP: 19/19 MP: 8/10
  1726 | D:2      | Reached XP level 4. HP: 23/24 MP: 7/12
  2278 | D:3      | Found Miligg's Magic Scroll Shop.
  2561 | D:3      | Reached skill level 5 in Spellcasting
  2951 | D:4      | You fall into a shaft and drop 3 floors!
  2953 | D:7      | Found a staircase to the Ecumenical Temple.
  2963 | D:7      | Reached skill level 5 in Earth Magic
  2963 | D:7      | Reached XP level 5. HP: 18/28 MP: 8/14
  3000 | Temple   | Entered the Ecumenical Temple
  3008 | Temple   | Became a worshipper of Vehumet
  3034 | D:7      | Found a snail-covered altar of Cheibriados.
  3057 | D:7      | Learned a level 3 spell: Stone Arrow
  3103 | D:7      | Reached XP level 6. HP: 32/32 MP: 14/17
  3375 | D:6      | Identified the +2 chain mail "Diradd" {rPois rN+ Dex+4}
  3477 | D:6      | Reached XP level 7. HP: 30/36 MP: 15/20
  3501 | D:6      | Learned a level 4 spell: Petrify
  3588 | D:5      | Entered Level 5 of the Dungeon
  3836 | D:4      | Reached * piety under Vehumet
  3836 | D:4      | Offered knowledge of Freeze by Vehumet.
  4386 | D:5      | Reached XP level 8. HP: 41/41 MP: 21/23
  4435 | D:5      | Noticed Duvessa
  4482 | D:5      | Noticed Dowan
  4486 | D:5      | Killed Duvessa
  4884 | D:5      | Killed Dowan
  5117 | D:5      | Found a runed translucent door.
  5118 | D:5      | Noticed Crazy Yiuf
  5163 | D:5      | Noticed Edmund
  5169 | D:5      | Killed Edmund
  5170 | D:5      | Reached skill level 10 in Spellcasting
  5690 | D:6      | Found a white marble altar of Elyvilon.
  6708 | D:7      | Reached skill level 1 in Fighting
  6708 | D:7      | Reached skill level 3 in Dodging
  6729 | D:7      | Reached ** piety under Vehumet
  7006 | D:7      | Offered knowledge of Kiss of Death by Vehumet.
  7131 | D:7      | Reached skill level 4 in Dodging
  7266 | D:7      | Reached XP level 9. HP: 48/48 MP: 22/25
  7433 | D:7      | Reached skill level 5 in Dodging
  7760 | D:8      | Found Kounlaf's Distillery.
  7958 | D:8      | Reached skill level 10 in Earth Magic
  8148 | D:8      | Noticed Maggie
  8154 | D:8      | Killed Maggie
  8155 | D:8      | Reached skill level 6 in Dodging
  8446 | D:8      | Found a shimmering blue altar of Sif Muna.
  8446 | D:8      | Found an ancient bone altar of Kikubaaqudgha.
  8450 | D:8      | Found a shadowy altar of Dithmenos.
  8451 | D:8      | Found a sparkling altar of Nemelex Xobeh.
  8623 | D:8      | Offered knowledge of Hailstorm by Vehumet.
  8705 | D:9      | Found a staircase to the Orcish Mines.
  8973 | D:9      | Reached skill level 7 in Dodging
  8975 | D:9      | Reached XP level 10. HP: 26/58 MP: 9/26
  9100 | D:9      | Noticed a two-headed ogre
  9111 | D:9      | Killed a two-headed ogre
  9111 | D:9      | Reached *** piety under Vehumet
  9239 | D:9      | Found a staircase to the Lair.
  9243 | D:9      | Reached skill level 5 in Fighting
  9604 | D:9      | Reached skill level 8 in Dodging
  9625 | D:9      | Found a broken altar of Ashenzari.
 10073 | D:9      | Found a burning altar of Makhleb.
 10304 | D:9      | Offered knowledge of Olgreb's Toxic Radiance by Vehumet.
 10366 | D:10     | Entered Level 10 of the Dungeon
 10521 | D:10     | Reached skill level 9 in Dodging
 10552 | D:10     | Noticed a two-headed ogre
 10556 | D:10     | Killed a two-headed ogre
 10762 | D:10     | Reached XP level 11. HP: 66/66 MP: 15/27
 11131 | D:10     | Noticed Erica
 11139 | D:10     | Killed Erica
 11140 | D:10     | Reached skill level 10 in Dodging
 11516 | D:11     | Reached **** piety under Vehumet
 11965 | D:11     | Offered knowledge of Sticky Flame by Vehumet.
 11973 | D:11     | Learned a level 4 spell: Sticky Flame
 12410 | D:11     | Noticed a two-headed ogre
 12415 | D:11     | Killed a two-headed ogre
 12700 | D:12     | Reached skill level 11 in Dodging
 12880 | D:12     | Noticed a two-headed ogre
 12885 | D:12     | Killed a two-headed ogre
 12969 | D:12     | Learned a level 2 spell: Scorch
 13458 | Lair:1   | Entered Level 1 of the Lair of Beasts
 13458 | Lair:1   | You fall into a shaft and drop 1 floor!
 13642 | Lair:1   | Reached skill level 12 in Dodging
 13672 | Lair:1   | Noticed Nergalle
 13680 | Lair:1   | Killed Nergalle
 14233 | Lair:1   | Noticed Joseph
 14239 | Lair:1   | Killed Joseph
 14399 | Lair:1   | Reached XP level 12. HP: 55/75 MP: 20/28
 14786 | Lair:1   | Reached ***** piety under Vehumet
 14790 | Lair:1   | Reached skill level 13 in Dodging
 15049 | Lair:2   | Noticed Harold
 15352 | Lair:2   | Found a staircase to the Shoals.
 15595 | Lair:2   | Found a hole to the Spider Nest.
 15678 | Lair:2   | Killed Harold
 16591 | Lair:3   | Noticed a boulder beetle
 16719 | Lair:4   | Reached skill level 14 in Dodging
 16734 | Lair:4   | Reached skill level 10 in Fighting
 16837 | Lair:4   | Found a runed translucent gate.
 16837 | Lair:4   | Found a runed translucent gate.
 16837 | Lair:4   | Found a runed translucent gate.
 16990 | Lair:3   | Noticed a death yak
 16990 | Lair:3   | Noticed a death yak
 17200 | Lair:2   | Killed a death yak
 17410 | Lair:4   | HP: 1/77 [wyvern (17)]
 17901 | Lair:4   | Noticed a death yak
 17901 | Lair:4   | Noticed a death yak
 17903 | Lair:4   | Noticed a death yak
 17941 | Lair:4   | Killed a death yak
 18230 | Lair:3   | Killed a death yak
 18468 | Lair:4   | Noticed ShnitzelX3's ghost (journeyman HOCj)
 18559 | Lair:4   | Killed a death yak
 18560 | Lair:4   | Reached skill level 15 in Dodging
 19481 | Lair:3   | Killed a boulder beetle
 19482 | Lair:3   | Reached XP level 13. HP: 58/84 MP: 24/29
 20068 | Lair:4   | Offered knowledge of Iskenderun's Battlesphere by Vehumet.
 20102 | Lair:4   | Learned a level 5 spell: Iskenderun's Battlesphere
 20126 | Lair:4   | Reached skill level 1 in Conjurations
 20572 | Lair:4   | Noticed Bacu's ghost (journeyman DjCj)
 20574 | Lair:4   | Noticed zenocrate's ghost (journeyman OpTm)
 20577 | Lair:4   | Noticed drewk1942's ghost (journeyman OpFi)
 20583 | Lair:4   | Noticed Ukim's ghost (journeyman MfGl)
 20812 | Lair:5   | Entered Level 5 of the Lair of Beasts
 21093 | Lair:5   | Reached skill level 5 in Conjurations
 21988 | Lair:5   | Found a staircase to the Slime Pits.
 21988 | Lair:5   | Found a viscous altar of Jiyva.
 23470 | Lair:5   | Reached skill level 16 in Dodging
 24294 | Lair:5   | Offered knowledge of Lee's Rapid Deconstruction by Vehumet.
 24301 | Lair:5   | Learned a level 5 spell: Lee's Rapid Deconstruction
 24573 | Lair:5   | Learned a level 5 spell: Borgnjor's Vile Clutch
 24770 | Lair:5   | Reached XP level 14. HP: 91/91 MP: 21/30
 25612 | D:12     | Reached skill level 17 in Dodging
 26165 | D:12     | Noticed an orc warlord
 26210 | D:12     | Killed an orc warlord
 27790 | Orc:1    | Entered Level 1 of the Orcish Mines
 27854 | Orc:1    | Reached skill level 18 in Dodging
 27961 | Orc:1    | Found Ehoner's Gadget Gallery.
 28110 | Orc:2    | Entered Level 2 of the Orcish Mines
 29207 | Orc:2    | Found a staircase to the Elven Halls.
 31220 | Orc:2    | Found Vekhleel's Armour Shop.
 31609 | Orc:2    | Found Garho's Magic Scroll Boutique.
 31775 | Orc:2    | Offered knowledge of Eringya's Noxious Bog by Vehumet.
 31814 | Orc:2    | Found Paerire's Distillery.
 31817 | Orc:2    | Found Hetock's Book Shoppe.
 31818 | Orc:2    | Found Alebbu's Armour Shoppe.
 31819 | Orc:2    | Found Otiagh's Assorted Antiques.
 31823 | Orc:2    | Bought a book of Annihilations for 900 gold pieces
 31823 | Orc:2    | Bought a book of Spatial Translocations for 270 gold pieces
 31845 | Orc:2    | Bought a jewelled quarterstaff for 225 gold pieces
 31845 | Orc:2    | Identified the +6 quarterstaff "Xayrisk" {speed, +Blink
                  | rElec Will+ Dex-4} (You bought it in a shop on level 2 of
                  | the Orcish Mines)
 32137 | D:13     | Reached XP level 15. HP: 66/98 MP: 32/32
 33202 | D:14     | Found a gate to the Vaults.
 36736 | D:15     | Entered Level 15 of the Dungeon
 37486 | D:15     | Found a staircase to the Depths.
 37696 | D:15     | Found a bloodstained altar of Trog.
 38554 | Spider:1 | Entered Level 1 of the Spider Nest
 38905 | Spider:1 | Reached skill level 15 in Earth Magic
 39464 | Spider:1 | HP: 4/98 [poisoned by a wolf spider]
 39481 | Spider:1 | Slain by a culicivora

Illustrated notes

Levels and vault maps discovered:
D:1:      dpeg_arrival_windows_large_door, layout_loops_ring,
          wad_floor_pattern_2, serial_bayou_pond_c, hangedman_decor_slide_cut
D:2:      layout_basic
D:3:      layout_loops_ring, serial_shops, nicolae_shop_statue_plus
D:4:      layout_cave_pools, hangedman_decor_riveting
D:5:      layout_cave_pods, serial_rivers, chequers_serial_rivers_micro_a,
          chequers_serial_rivers_room_a, chequers_serial_rivers_micro_b,
          chequers_serial_rivers_small_b, uniq_edmund, uniq_duvessa,
          uniq_crazy_yiuf_cottage
D:6:      layout_layer_cave, mainiacjoe_overflow_alcove_2,
          minmay_misc_feat_cross
D:7:      layout_layer_cave, mainiacjoe_overflow_brackets,
          minmay_temple_entry_poolview, serial_undead, serial_undead_c,
          serial_undead_b, serial_undead_b, serial_undead_c, serial_undead_d,
          serial_undead_f
D:8:      layout_gridville, mainiacjoe_overflow_alcove_3, serial_shops, shop,
          serial_bayou_pond_c, uniq_maggie
D:9:      layout_rooms, mainiacjoe_overflow_big_doors,
          grunt_lair_entry_orc_guard_hut, orc_david_3, serial_co_window_serial,
          co_window_paths_a, co_window_paths_b, co_window_corner_a,
          co_window_paths_a, co_window_of_opportunity_a, co_window_cross_2,
          co_window_of_opportunity_b, co_window_corner_ca, co_window_paths_e,
          co_window_4corner_a, glass_columns_c, glass_columns_b,
          glass_columns_a, chequers_mini_garden
D:10:     layout_rooms, grunt_ministairs_14, uniq_erica
D:11:     layout_stronghold, minmay_misc_feat_ornament
D:12:     minmay_the_grid_net [minmay_the_grid_outer_diamond,
          minmay_the_grid_odd_star, minmay_the_grid_minigrid_small_alt,
          minmay_the_grid_plusring, minmay_the_grid_armoury,
          minmay_the_grid_prize_four_corners], layout_loops_corners
D:13:     layout_loops_ring
D:14:     layout_basic, lightli_vaults_fourway_checkpoint,
          palyth_stone_intersect
D:15:     hangedman_depths_entry_civil_slaughter, layout_loops_ring, bloody_trog
Temple:   nicolae_temple_two_arcs
Lair:1:   layout_chaotic_city, uniq_nergalle, uniq_joseph
Lair:2:   layout_regular_city, shoals_dummy_entry,
          nicolae_spider_entry_orb_guardian, chequers_serial_rivers_micro_e,
          infiniplex_staircase_pool, lemuel_fruit_fields, uniq_harold
Lair:3:   layout_hall_layers
Lair:4:   layout_cave_shapes, gammafunk_ghost_cemetery, lemuel_fruit_fields,
          serial_bayou_shore_a
Lair:5:   hangedman_lair_tendril_chambers, layout_regular_city, slime_entry_1,
          pdpol_lair_neglected_garden, grunt_forest_large_clearing_hut
Spider:1: layout_cave_pods, nicolae_spider_world_wide_web
Orc:1:    cheibrodos_orc_arena, layout_caves, nicolae_shop_gadgets
Orc:2:    st_orc_pillars, layout_caves, basic_altar, serial_shops, shop,
          nicolae_orc_sculptors_studio, guppyfry_orc_lava_fort

Skill      XL: |  1  2  3  4  5  6  7  8  9 10 11 12 13 14 15 |
---------------+----------------------------------------------+-----
Earth Magic    | 4 5 6 7 9 10 12 15 | 15.4
Spellcasting   | 4 5 6 7 9 10 11 14 | 14.0
Fighting       | 2 4 6 8 10 11 13 | 13.0
Dodging        | 4 7 9 12 15 16 18 | 18.1
Conjurations   | 8 9 |  9.1
Stealth        | |  2.4
Transmutations | |  1.1

Action                     |  1- 3 |  4- 6 |  7- 9 | 10-12 | 13-15 || total
---------------------------+-------+-------+-------+-------+-------++-------
  Melee: Unarmed           |       |     1 |       |     1 |       ||     2
         Scimitar          |       |       |       |     5 |     6 ||    11
   Cast: Sandblast         |    55 |    54 |   143 |   161 |   249 ||   662
         Stone Arrow       |       |       |    54 |   244 |   620 ||   918
         Petrify           |       |       |     2 |     8 |     4 ||    14
         Iskenderun's Batt |       |       |       |       |    95 ||    95
         Borgnjor's Vile C |       |       |       |       |    42 ||    42
         Lee's Rapid Decon |       |       |       |       |     3 ||     3
         Sticky Flame      |       |       |       |       |     2 ||     2
         Scorch            |       |       |       |       |     1 ||     1
    Use: Scroll            |       |       |    17 |    10 |     9 ||    36
         Potion            |       |       |     2 |     5 |     9 ||    16
   Stab: Petrifying        |       |       |       |       |     1 ||     1
 Armour: Robe              |     3 |     5 |    11 |    30 |    71 ||   120
  Dodge: Dodged            |     6 |    15 |    33 |   197 |   392 ||   643
  Block: Other             |       |       |     9 |    54 |   124 ||   187
         Reflection        |       |       |       |     2 |    22 ||    24

Table legend: (Time is in decaauts)
 A = Elapsed time spent in this place.
 B = Non-inter-level travel time spent in this place.
 C = Inter-level travel time spent in this place.
 D = Time resting spent in this place.
 E = Time spent auto-exploring this place.
 F = Levels seen in this place.
 G = Mean time per level.
                   A        B        C        D        E       F      G
               +--------+--------+--------+--------+--------+-----+--------+
         Total |  39895 |  38639 |   1256 |  13776 |  18233 |  24 | 1662.3 |
       Dungeon |  22794 |  21861 |    933 |   5862 |  12537 |  15 | 1519.6 |
        Temple |     16 |      8 |      8 |      0 |      0 |   1 |   16.0 |
          Lair |  11956 |  11747 |    209 |   5404 |   4048 |   5 | 2391.2 |
   Spider Nest |    921 |    921 |      0 |    554 |    153 |   1 |  921.0 |
  Orcish Mines |   4204 |   4099 |    105 |   1955 |   1494 |   2 | 2102.0 |
               +--------+--------+--------+--------+--------+-----+--------+

Top non-repeatable levels by time:
    D:12: 3059 daAuts
  Lair:5: 3056 daAuts
    D:13: 3017 daAuts
  Lair:4: 2920 daAuts
   Orc:1: 2919 daAuts
  Lair:2: 2261 daAuts
    D:14: 2248 daAuts
  Lair:3: 1954 daAuts
    D:11: 1773 daAuts
  Lair:1: 1764 daAuts
     D:7: 1656 daAuts
     D:9: 1548 daAuts
     D:2: 1319 daAuts
     D:6: 1296 daAuts
   Orc:2: 1285 daAuts
